[Event "4th CNE NED-ch Women Rapid"]
[Site "Amstelveen"]
[Date "2018.11.18"]
[Round "5"]
[White "Keetman, Maaike"]
[Black "Kazarian, Anna-Maja"]
[Result "1/2-1/2"]
[ECO "B18"]
[WhiteElo "2176"]
[BlackElo "2194"]
[Annotator "NA"]
[PlyCount "96"]
[EventDate "2018.11.18"]
[EventType "tourn"]
[EventCountry "NED"]
[SourceTitle "playchess.com"]
[Source "ChessBase"]
[SourceQuality "1"]
[TimeControl "900+10"]

1. e4 c6 2. d4 d5 3. Nd2 dxe4 4. Nxe4 Bf5 5. Ng3 Bg6 6. Nh3 Nf6 7. Nf4 e6 $14 (7... Qc7 $11) 8. h4 Bd6 9. h5 Bf5 10. Nxf5 exf5 11. Bd3 O-O 12. O-O Ne4 13. c3 Nd7 14. Qf3 Ndf6 15. Qh3 g6 16. hxg6 hxg6 17. f3 Ng5 18. Qh6 Ngh7 19. Bc4 Kh8 20. Kf2 Ng8 21. Qh3 Qf6 22. Rh1 Qg7 23. Be3 Rae8 24. Rae1 Re7 25. d5 Rfe8 26. Bd4 Be5 27. Bxe5 Rxe5 28. Rxe5 Rxe5 29. dxc6 bxc6 30. Bxf7 Qxf7 31. Qxh7+ Qxh7 32. Nxg6+ Kg7 33. Rxh7+ Kxg6 34. Rxa7 Ne7 35. a4 f4 36. Rc7 Kg5 37. g3 fxg3+ 38. Kxg3 Re2 39. f4+ Kf5 40. a5 Nd5 41. Rxc6 Rxb2 42. Rc5 Ke4 43. Rc4+ Kf5 44. Ra4 Nxc3 45. Ra3 Ne4+ 46. Kf3 Nd2+ 47. Kg3 Ne4+ 48. Kf3 Nd2+ {[%emt 0:00:01] Ke4+ Ke5+} 1/2-1/2

[Event "4th CNE NED-ch Women Rapid"]
[Site "Amstelveen"]
[Date "2018.11.18"]
[Round "6"]
[White "Lanchava, Tea"]
[Black "Paulet, Iozefina"]
[Result "1/2-1/2"]
[ECO "A26"]
[WhiteElo "2314"]
[BlackElo "2281"]
[Annotator "NA"]
[PlyCount "116"]
[EventDate "2018.11.18"]
[EventType "tourn"]
[EventCountry "NED"]
[SourceTitle "playchess.com"]
[Source "ChessBase"]
[SourceQuality "1"]
[TimeControl "900+10"]

1. c4 e5 2. g3 Nc6 3. Bg2 g6 4. Nc3 Bg7 5. d3 d6 6. e4 Be6 7. Nge2 h5 {[%emt 0:00:02] A26: English Opening vs King's Indian with ...Nc6 and d3} (7... Qd7 8. Nd5 Nd8 9. d4 c6 10. Ne3 exd4 11. Nxd4 Bh3 12. Ndf5 Bxf5 13. exf5 Ne7 14. Bh3 Nxf5 15. O-O Ne6 16. Nxf5 gxf5 17. Bxf5 {1-0 (26) Grischuk,A (2771)-Svidler,P (2722) Moscow 2010}) 8. h3 Qd7 9. Be3 Nd8 $146 ({Predecessor:} 9... Nd4 10. Nd5 Nxe2 11. Qxe2 c6 12. Nc3 Ne7 13. Rd1 h4 14. g4 f5 {0-1 (47) Aponte Castillo,J (2178)-Quesada Perez,Y (2558) Havana 2018}) 10. b4 Ne7 11. Rb1 O-O 12. Qd2 f5 13. f3 Nf7 14. Nd5 c6 15. Nxe7+ Qxe7 16. exf5 gxf5 17. O-O Qf6 18. f4 e4 19. dxe4 Bxc4 20. Bd4 Qg6 (20... Qh6 $1 $11 {remains equal.}) 21. Bxg7 ({Only move:} 21. exf5 $16 Qxf5 22. Bxg7 Bxe2 23. Qxe2 Kxg7 24. b5) 21... Qxg7 22. Kh2 fxe4 23. Bxe4 d5 24. Bf3 Nd6 25. Bxh5 {[%emt 0:01:00] [#]} (25. Rg1 $11) 25... Ne4 $1 26. Qb2 Bxe2 27. Qxg7+ Kxg7 28. Bxe2 Nd2 29. Rb2 Nxf1+ 30. Bxf1 Rae8 31. Rd2 Re1 32. Bd3 Rfe8 33. g4 (33. Kg2 $142) 33... Rc1 (33... R1e3 $19 34. h4 Rf3) 34. g5 {[%emt 0:00:14] [#]} Rc3 $1 35. f5 Re3 ({Better is} 35... d4 36. f6+ Kf7) 36. f6+ Kf7 37. Bf5 Rg3 38. Bg4 {[%emt 0:01:08] [#]} Rxg4 $14 39. hxg4 Re3 40. Rf2 Re8 41. Kg3 Kg6 42. Kf4 Re4+ 43. Kg3 Re3+ 44. Kg2 Re8 45. Rf5 d4 46. Kf3 d3 47. f7 Rf8 48. Ke3 Rxf7 49. Rxf7 Kxf7 50. Kxd3 Kg6 51. Kd4 Kxg5 52. Kc5 Kxg4 53. Kd6 Kf4 54. Kc7 Ke4 55. Kxb7 Kd5 56. Kxa7 Kc4 57. a3 Kb3 58. Kb6 {[%emt 0:00:32] Kxb4 axb4} Kxa3 1/2-1/2

[Event "4th CNE NED-ch Women Rapid"]
[Site "Amstelveen"]
[Date "2018.11.18"]
[Round "6"]
[White "De Jong-Muhren, Bianca"]
[Black "Ratsma, Rosa"]
[Result "1-0"]
[ECO "B36"]
[WhiteElo "2243"]
[BlackElo "2269"]
[Annotator "NA"]
[PlyCount "99"]
[EventDate "2018.11.18"]
[EventType "tourn"]
[EventCountry "NED"]
[SourceTitle "playchess.com"]
[Source "ChessBase"]
[SourceQuality "1"]
[TimeControl "900+10"]

1. e4 c5 2. Nf3 Nc6 3. d4 cxd4 4. Nxd4 g6 5. c4 d6 6. Nc3 Nf6 7. Be2 Nxd4 8. Qxd4 Bg7 9. O-O O-O 10. Qd1 Be6 {[%emt 0:00:27] LiveBook: 6 Games} 11. Be3 {[%emt 0:00:17] B36: Sicilian: Maroczy Bind: Gurgenidze System} Rc8 (11... Qa5 12. Bd4 Rfc8 13. b3 a6 14. Nd5 Bxd5 15. exd5 Nd7 16. Re1 Rc7 17. Bxg7 Kxg7 18. Qd4+ Kg8 19. Bf1 Re8 20. Re3 {½-½ (53) Pantsulaia,L (2611)-Krivoshey,S (2531) Dubai 2006}) 12. b3 b5 $146 ({Predecessor:} 12... a6 $11 13. Rc1 Qa5 14. Bd2 Qc7 15. Kh1 Qb8 16. f3 Nd7 17. f4 f5 18. exf5 Bxf5 {½-½ (41) Stoyanov,T (2242)-Laverton,C (2088) Prague 2018}) 13. Nxb5 Nxe4 14. Nxa7 Nc3 15. Qd2 Nxe2+ 16. Qxe2 Bxa1 17. Nxc8 ({Not} 17. Rxa1 Ra8 $11) 17... Bg7 18. Na7 Qa8 (18... Qd7 $142) 19. Nb5 Bd7 20. a4 Qe4 21. Re1 Bc6 22. f3 Qf5 23. Nd4 Qd7 24. Nxc6 Qxc6 25. Qd3 Rb8 26. a5 e6 27. Bb6 d5 28. c5 Bf8 29. b4 Qa4 30. Rb1 Ra8 31. h3 Bg7 32. Kh1 Be5 33. Qd1 Qb5 34. Qf1 Qa4 35. f4 Bc3 36. Qd3 Bf6 37. Qd1 Qb5 38. Qf1 Qa4 39. b5 Rc8 40. c6 Bc3 $18 41. a6 d4 42. Qd3 h5 43. c7 Qa2 44. Qe4 Kh7 45. Rd1 Ba5 46. Qb7 Qc2 47. Rf1 Qe2 48. Ra1 Bxb6 49. Qxc8 d3 50. Qd7 1-0

[Event "4th CNE NED-ch Women Rapid"]
[Site "Amstelveen"]
[Date "2018.11.18"]
[Round "6"]
[White "Kazarian, Anna-Maja"]
[Black "Van Foreest, Machteld"]
[Result "1-0"]
[ECO "E19"]
[WhiteElo "2194"]
[BlackElo "2003"]
[Annotator "ChessBase"]
[PlyCount "47"]
[EventDate "2018.11.18"]
[EventType "tourn"]
[EventCountry "NED"]
[SourceTitle "playchess.com"]
[Source "ChessBase"]
[SourceQuality "1"]
[TimeControl "900+10"]

1. Nf3 Nf6 2. g3 b6 3. Bg2 Bb7 4. O-O e6 5. d4 Be7 6. c4 O-O 7. Nc3 Ne4 8. Qc2 Nxc3 9. Qxc3 d5 10. Bf4 c5 11. dxc5 Bxc5 12. Rad1 Qe7 13. a3 a5 14. Qc2 dxc4 15. Ng5 g6 16. Bxb7 Qxb7 17. Ne4 Be7 18. Bh6 Rc8 19. Qc3 f6 20. Nxf6+ Bxf6 21. Qxf6 Qc7 22. Qxe6+ Kh8 23. Bf4 Qc5 24. Be5+ 1-0

[Event "4th CNE NED-ch Women Rapid"]
[Site "Amstelveen"]
[Date "2018.11.18"]
[Round "6"]
[White "Keetman, Maaike"]
[Black "Haast, Anne"]
[Result "1/2-1/2"]
[ECO "B46"]
[WhiteElo "2176"]
[BlackElo "2309"]
[Annotator "NA"]
[PlyCount "84"]
[EventDate "2018.11.18"]
[EventType "tourn"]
[EventCountry "NED"]
[SourceTitle "playchess.com"]
[Source "ChessBase"]
[SourceQuality "1"]
[TimeControl "900+10"]

1. e4 c5 2. Nf3 e6 3. d4 cxd4 4. Nxd4 Nc6 5. Nc3 a6 6. Nxc6 bxc6 7. Bd3 d5 8. O-O Nf6 9. Bg5 Be7 {[%emt 0:00:05] B46: Sicilian: Taimanov: 5 Nc3 a6} 10. e5 Nd7 11. Bxe7 Qxe7 {[%emt 0:00:01] LiveBook: 13 Games} 12. Qg4 (12. Re1 c5 13. b3 Bb7 14. Qh5 h6 15. f4 O-O 16. Qe2 f6 17. exf6 Rxf6 {½-½ (49) Morozevich,A (2750)-Svidler,P (2754) Moscow 2009}) 12... Kf8 $146 ({Predecessor:} 12... g6 13. Rfe1 Rb8 14. Rab1 O-O 15. g3 f6 16. exf6 Nxf6 17. Qe2 {0-1 (32) Phillips,R-Moffat,A (2105) Victoria 2012}) 13. f4 Rb8 14. Rab1 h5 15. Qe2 Nc5 16. Kh1 g6 17. Qf2 a5 18. Ne2 Bb7 (18... Nxd3 $15 19. cxd3 c5) 19. Nd4 Nxd3 20. cxd3 c5 21. Nb3 d4 ({Black should play} 21... c4 $11 22. Nxa5 cxd3) 22. Nxa5 ({White should play} 22. Rbc1 $16) 22... Bd5 23. b4 h4 24. h3 Qa7 {[%emt 0:01:12] [#]} 25. a3 $1 Kg7 26. Rfc1 Rb5 27. Nc4 Bxc4 $1 28. dxc4 Rbb8 29. bxc5 (29. Ra1 $16) 29... Qxc5 $11 30. Rxb8 Rxb8 31. Rd1 Qxa3 32. Qxd4 Rb3 33. f5 gxf5 34. Qxh4 Rd3 35. Rb1 Rb3 36. Qg5+ Kh7 37. Rf1 Rg3 38. Qh4+ Kg8 39. Qd8+ Kh7 40. Rd1 Rxh3+ 41. gxh3 Qxh3+ 42. Kg1 Qg3+ 1/2-1/2

[Event "4th CNE NED-ch Women Rapid"]
[Site "Amstelveen"]
[Date "2018.11.18"]
[Round "7"]
[White "Paulet, Iozefina"]
[Black "De Jong-Muhren, Bianca"]
[Result "0-1"]
[ECO "B40"]
[WhiteElo "2281"]
[BlackElo "2243"]
[Annotator "NA"]
[PlyCount "176"]
[EventDate "2018.11.18"]
[EventType "tourn"]
[EventCountry "NED"]
[SourceTitle "playchess.com"]
[Source "ChessBase"]
[SourceQuality "1"]
[TimeControl "900+10"]

1. e4 c5 2. Nf3 e6 3. b3 Nc6 4. Bb2 a6 5. g3 d6 {[%emt 0:00:32] LiveBook: 50 Games} 6. Bg2 Nf6 7. d3 Be7 8. O-O O-O 9. Re1 {[%emt 0:00:02] B30: Sicilian: 2...Nc6 3 Bb5, lines without ...g6} e5 10. c3 $146 ({Predecessor:} 10. Nbd2 h6 11. c3 b5 12. d4 Bb7 13. d5 Nb8 14. c4 Nh7 15. h4 Nd7 16. Bh3 Nb6 {0-1 (43) Ryan,J (2285)-Balague Camps,M (2082) Barbera del Valles 2014}) 10... Re8 11. d4 Bg4 12. d5 Nb8 13. Nbd2 Qc8 14. a4 b6 15. Nc4 Nbd7 16. Ne3 Nf8 17. Nxg4 Qxg4 18. h3 Qd7 19. Nd2 Ng6 20. Nc4 Bd8 21. Ne3 Nf8 22. Kh2 g6 23. Bc1 h5 24. h4 N8h7 25. Bh3 Qb7 26. Ng2 b5 27. Re2 c4 (27... Ng4+ $16 28. Kg1 Ba5) 28. bxc4 bxc4 29. Ba3 Bc7 30. Rb1 Qa7 31. f3 Rab8 32. Reb2 (32. Ne3 $18) 32... Rxb2 33. Rxb2 Rb8 34. Qb1 Rxb2 35. Qxb2 Nf8 36. Qe2 Ne8 37. Bc1 Ba5 38. Bd2 ({Much less strong is} 38. Qxc4 $6 Qf2 $14) 38... Nd7 39. Bxd7 Qxd7 40. Qxc4 Qb7 41. Be3 Nc7 42. f4 f6 43. fxe5 fxe5 44. g4 hxg4 45. Qe2 Qc8 46. c4 Ne8 47. Bg5 Bb6 48. Ne3 Bxe3 49. Bxe3 Nf6 50. Bg5 Nh5 51. a5 g3+ 52. Kg2 Qc5 53. Be3 Qxa5 54. c5 (54. Qg4 $11 {remains equal.}) 54... Qb4 (54... Qa4 $1 $15 55. Qd3 dxc5) 55. Qg4 Nf4+ 56. Kf3 Qb1 57. Qxg3 $2 (57. Qc8+ $11 {and White is okay.} Kh7 58. Qc7+ Kh6 59. Bxf4+ exf4 60. Qxd6 Qf1+ 61. Kg4) 57... Qd1+ 58. Kf2 Qe2+ 59. Kg1 Qd1+ 60. Kh2 Qc2+ 61. Bf2 $2 (61. Qf2 $11 {and White has nothing to worry.} Qxe4 62. Bxf4 exf4 63. c6) 61... dxc5 ({Resist} 61... Qxe4 62. Qg4 $19) 62. h5 Qxe4 63. hxg6 Qxg6 64. Qxg6+ Nxg6 65. Bxc5 Kf7 66. Kg3 Nf4 67. d6 $2 (67. Kg4 $11 {and White is okay.}) 67... Ke6 68. Kf3 {[%emt 0:00:03] [#]} Nd5 $2 69. Ke4 $2 (69. d7 $1 $11 {and White has nothing to worry.} Kxd7 70. Ke4) 69... Nf6+ {[%emt 0:00:15] Ba3 [%clk 0:01:13]} 70. Kd3 {[%emt 0:00:06] [#]} Ne8 $1 71. Kc3 $19 Nxd6 72. Kb4 Kd5 73. Bg1 Nb7 74. Kc3 a5 75. Bf2 Ke4 76. Bg3 Nd6 77. Bh2 Kd5 78. Bg1 e4 79. Kb3 Nb7 80. Bb6 Nc5+ 81. Ka3 Nb7 82. Kb3 Ke5 83. Kc4 Kf4 84. Bd4 Kf3 85. Bc3 e3 86. Kb5 e2 87. Kc6 a4 88. Kxb7 a3 0-1

[Event "4th CNE NED-ch Women Rapid"]
[Site "Amstelveen"]
[Date "2018.11.18"]
[Round "8"]
[White "De Jong-Muhren, Bianca"]
[Black "Haast, Anne"]
[Result "0-1"]
[ECO "B46"]
[WhiteElo "2243"]
[BlackElo "2309"]
[Annotator "ChessBase"]
[PlyCount "90"]
[EventDate "2018.11.18"]
[EventType "tourn"]
[EventCountry "NED"]
[SourceTitle "playchess.com"]
[Source "ChessBase"]
[SourceQuality "1"]
[TimeControl "900+10"]

1. e4 c5 2. Nf3 e6 3. d4 cxd4 4. Nxd4 Nc6 5. Nc3 a6 6. Be2 Nf6 7. O-O Qc7 8. Be3 Be7 9. f4 d6 10. a4 O-O 11. Kh1 Re8 12. Bf3 Nxd4 13. Qxd4 e5 14. Qd2 Be6 15. f5 Bc4 16. Rfd1 a5 17. g4 d5 18. exd5 e4 19. Nxe4 Nxd5 20. Bg1 Rad8 21. b3 Nf6 22. Qg2 Ba6 23. c4 b6 24. Nc3 Bc5 25. Nd5 Nxd5 26. Bxd5 Bxg1 27. Rxg1 Re3 28. Rab1 Rde8 29. Rgf1 Qe5 30. Rbd1 Rxb3 31. g5 Rb2 32. Qh3 Bc8 33. g6 hxg6 34. Bxf7+ Kxf7 35. fxg6+ Kxg6 36. Rg1+ Kf7 37. Rdf1+ Kg8 38. Qh4 Qe4+ 39. Qxe4 Rxe4 40. Rd1 Bg4 41. Rd3 Rf4 42. Re1 Bf3+ 43. Kg1 Rg2+ 44. Kh1 Rg3+ 45. Rxf3 Rgxf3 0-1

[Event "4th CNE NED-ch Women Rapid"]
[Site "Amstelveen"]
[Date "2018.11.18"]
[Round "9"]
[White "Haast, Anne"]
[Black "De Jong-Muhren, Bianca"]
[Result "1-0"]
[ECO "B48"]
[WhiteElo "2309"]
[BlackElo "2243"]
[Annotator "ChessBase"]
[PlyCount "37"]
[EventDate "2018.11.18"]
[EventType "tourn"]
[EventCountry "NED"]
[SourceTitle "playchess.com"]
[Source "ChessBase"]
[SourceQuality "1"]
[TimeControl "900+10"]

1. e4 c5 2. Nf3 e6 3. d4 cxd4 4. Nxd4 Nc6 5. Nc3 Qc7 6. Be3 a6 7. Qd2 Nf6 8. f3 Be7 9. O-O-O O-O 10. g4 b5 11. g5 Nh5 12. Kb1 Bb7 13. Nce2 Ne5 14. Ng3 Nxg3 15. hxg3 Nxf3 16. Nxf3 Bxe4 17. Bd3 Bxf3 18. Bxh7+ Kh8 19. Qh2 1-0